 Dungeon Crawl Stone Soup version 0.24-a0-201-gf205589 (console) character file.

Game seed: 5067010450767321205

5 bli the Skirmisher (level 1, -8/18 HPs)
             Began as a Formicid Abyssal Knight on Mar 20, 2019.
             Was a Follower of Lugonu.
             Killed from afar by a rakshasa (22 damage)
             ... with an orb of energy
             ... on level 1 of the Abyss.
             The game lasted 00:00:50 (116 turns).

bli the Skirmisher (Formicid Abyssal Knight)         Turns: 116, Time: 00:00:51

Health: -8/18      AC:  3    Str: 16    XL:     1   Next: 88%
Magic:  2/2        EV: 11    Int: 11    God:    Lugonu [*.....]
Gold:   0          SH:  0    Dex: 10    Spells: 0/0 levels left

rFire    . . .     SeeInvis +   a - +1 falchion
rCold    . . .     Gourm    .   (no shield)
rNeg     . . .     Faith    .   b - +0 leather armour
rPois    .         Spirit   .   (helmet unavailable)
rElec    .         Reflect  .   (no cloak)
rCorr    .         Harm     .   (no gloves)
MR       .....                  (no boots)
Stlth    +.........             (no amulet)
HPRegen  0.06/turn              (no ring)
MPRegen  0.08/turn              (no ring)

@: no status effects
A: permanent stasis, dig shafts and tunnels, four strong arms, antennae 3
a: Dig, Shaft Self, Depart the Abyss, Renounce Religion


You were on level 1 of the Abyss.
You worshipped Lugonu.
Lugonu was aware of your devotion.
You were not hungry.

You visited 0 branches of the dungeon, and saw 0 of its levels.
You visited the Abyss 1 time.

Inventory:

Hand Weapons
 a - a +1 falchion (weapon)
Armour
 b - a +0 leather armour (worn)
Scrolls
 d - a scroll of immolation {unknown}
Comestibles
 c - a ration


   Skills:
 - Level 3.2 Fighting
 - Level 2.0 Long Blades
 - Level 2.1 Armour
 + Level 1.6 Dodging
 - Level 2.1 Invocations


You couldn't memorise any spells.
You didn't know any spells.
Your spell library was empty.

Dungeon Overview and Level Annotations

Branches:
Dungeon (0/15)

Altars:


Innate Abilities, Weirdness & Mutations

You cannot be hasted, slowed, berserked, paralysed or teleported.
You can dig through walls and to a lower floor.
Your four strong arms can wield two-handed weapons with a shield.
You have a pair of large antennae on your head. (SInv)


Message History

Press ? for a list of commands and other information.
Found a corrupted altar of Lugonu.
d - a scroll labeled KAFUOM YTIU An ufetubus comes into view.
A wretched star comes into view.
The ufetubus shouts!
You barely miss the ufetubus.
The ufetubus hits you. x2; The ufetubus closely misses you.
You riposte.
You closely miss the ufetubus.
The ufetubus hits you but does no damage.
You slash the ufetubus!
You kill the ufetubus!
Your Dodging skill increases to level 1!
A tormentor comes into view.
You start resting.
You sense a monster nearby.
A rakshasa comes into view. It is wielding a +0 whip.
The rakshasa gestures at you. The orb of energy hits you!!
Ouch! That really hurt!
You die...

.# .### .#
.#.... .. ##
..#..##.# ...#
.#.#...#
#..##...#.###.
#...........##
#.@..##.## .
###.#....... .
#..##..###.#
#.... #.....
#...#..... #
..##. .
###...R...#
..#... #
###.#......####
. # ...#. . #.
##.#. #..... .
. ##.#. #.#...
#..##..##.. .
#. .#.#.
#####...#...# .
##.....##...#.
###....#


You could see a rakshasa.

Vanquished Creatures
  An ufetubus (Abyss:1)
1 creature vanquished.

Notes
Turn   | Place    | Note
-------+----------+-------------------------------------------
     0 | Abyss:1  | bli the Formicid Abyssal Knight began the quest for the
                  | Orb.
     0 | Abyss:1  | Reached XP level 1. HP: 18/18 MP: 2/2
    65 | Abyss:1  | Noticed a wretched star
    74 | Abyss:1  | Reached skill level 1 in Dodging
    77 | Abyss:1  | Noticed a tormentor
   111 | Abyss:1  | Noticed a rakshasa
   116 | Abyss:1  | Killed from afar by a rakshasa

Levels and vault maps discovered:
Abyss:1:  hangedman_abyss_or_decor_stabs, evilmike_abyss_exit_17

Skill      XL: |  1 |
---------------+----+-----
Dodging        | 1 |  1.6
Fighting       | |  3.2
Long Blades    | |  2.0
Armour         | |  2.1
Invocations    | |  2.1

Action                   || total
-------------------------++-------
Melee: Falchion          ||     2
Armor: Leather armour    ||     1
Dodge: Dodged            ||     1
       Rpst.: Falchion   ||     1

Table legend:
 A = Non-vault XP
 B = Vault XP
 C = Vault XP percentage of total XP
 D = Non-vault monster count
 E = Vault monster count
 F = Vault count percentage of total count
                 A         B        C        D         E       F
            +---------+---------+-------+---------+---------+-------
      Total |       8 |       0 |   0.0 |       1 |       0 |   0.0
            +---------+---------+-------+---------+---------+-------
    Abyss:1 |       8 |       0 |   0.0 |       1 |       0 |   0.0
            +---------+---------+-------+---------+---------+-------
